[ AOE2 MATCH · #513532746 ]
UnrankedVietnamese vs Mapuche
Rival team · LOSS
[ REPLAY ANALYSIS · EXTRACTED FROM THE RECORDED GAME ]
Feudal
13:14
Castle
17:50
Imperial
40:27
| APM avg | 57.5 |
| APM peak | 87 |
| eAPM avg | 28.2 |
| Villagers / military | 123 / 75 |
Focus
⚔️ 25.0% · 🌾 75.0%
Cavalry Archer ×34 · Rattan Archer ×10 · Mangonel ×8 · Skirmisher ×8 · Monk ×6 · Militia ×5
Feudal
9:23
Castle
23:40
Imperial
—
| APM avg | 82.5 |
| APM peak | 111 |
| eAPM avg | 42.5 |
| Villagers / military | 100 / 124 |
Focus
⚔️ 22.2% · 🌾 77.8%
Bolas Rider ×71 · Kona ×28 · Skirmisher ×14 · Archer ×10 · Spearman ×1
Match map
Initial resources + every placement click. Lines = walls · curves = elevation contours. ◆ gold · ⬟ stone · ● berries · ✦ relic · ◌ wall gap
Your base· Open — unwalled flank
Peñis Colada's base· Open — 4t gap
Smoothed initial terrain · ◌ = detected wall gap · hover for details
Inputs per minute
— VNS__Pan - - Peñis Colada
Build order — VNS__Pan
First 150 of 318 actions detected
| 0:02 | Queue | Villager (Male) |
| 0:02 | Queue | Villager (Male) |
| 0:03 | Queue | Villager (Male) |
| 0:03 | Queue | Villager (Male) |
| 0:04 | Build | House |
| 0:07 | Build | House |
| 1:32 | Queue | Villager (Male) |
| 1:32 | Queue | Villager (Male) |
| 1:32 | Queue | Villager (Male) |
| 2:01 | Queue | Villager (Male) |
| 2:01 | Queue | Villager (Male) |
| 2:20 | Queue | Villager (Male) |
| 2:20 | Queue | Villager (Male) |
| 2:20 | Queue | Villager (Male) |
| 2:48 | Queue | Villager (Male) |
| 2:49 | Queue | Villager (Male) |
| 3:10 | Queue | Villager (Male) |
| 3:11 | Queue | Villager (Male) |
| 3:26 | Build | House |
| 3:43 | Queue | Villager (Male) |
| 3:43 | Queue | Villager (Male) |
| 3:43 | Queue | Villager (Male) |
| 3:44 | Queue | Villager (Male) |
| 3:55 | Build | House |
| 4:07 | Queue | Villager (Male) |
| 4:07 | Queue | Villager (Male) |
| 4:07 | Queue | Villager (Male) |
| 4:18 | Build | Barracks |
| 4:25 | Queue | Villager (Male) |
| 4:25 | Queue | Villager (Male) |
| 4:52 | Queue | Militia |
| 4:52 | Queue | Militia |
| 5:28 | Queue | Villager (Male) |
| 5:30 | Build | House |
| 5:54 | Queue | Militia |
| 5:54 | Queue | Militia |
| 5:55 | Queue | Militia |
| 6:01 | Build | House |
| 6:11 | Queue | Villager (Male) |
| 6:26 | Queue | Villager (Male) |
| 7:01 | Queue | Villager (Male) |
| 7:14 | Queue | Villager (Male) |
| 7:32 | Research | Loom |
| 7:32 | Research | Loom |
| 7:55 | Queue | Villager (Male) |
| 8:04 | Build | Lumber Camp |
| 8:32 | Build | House |
| 8:46 | Queue | Villager (Male) |
| 9:16 | Build | Mill |
| 9:18 | Build | Palisade Wall |
| 9:22 | Queue | Villager (Male) |
| 9:23 | Queue | Villager (Male) |
| 9:34 | Build | Palisade Wall |
| 9:54 | Queue | Villager (Male) |
| 10:10 | Build | Farm |
| 10:21 | Build | Farm |
| 10:26 | Build | Farm |
| 10:28 | Build | Farm |
| 10:58 | Build | Farm |
| 11:04 | Research | Feudal Age |
| 11:05 | Research | Feudal Age |
| 11:16 | Build | Farm |
| 11:46 | Build | Mining Camp |
| 12:14 | Build | Palisade Wall |
| 13:14 | Age | Feudal Age |
| 13:19 | Research | Man-at-Arms (upgrade) |
| 13:19 | Research | Man-at-Arms (upgrade) |
| 13:19 | Research | Man-at-Arms (upgrade) |
| 13:31 | Build | Archery Range |
| 13:37 | Queue | Villager (Male) |
| 13:42 | Build | Blacksmith |
| 14:09 | Queue | Villager (Male) |
| 14:21 | Build | Archery Range |
| 14:26 | Queue | Villager (Male) |
| 14:36 | Build | Farm |
| 14:55 | Build | House |
| 15:10 | Research | Castle Age |
| 15:10 | Research | Castle Age |
| 15:10 | Research | Castle Age |
| 15:15 | Queue | Skirmisher |
| 15:15 | Queue | Skirmisher |
| 15:33 | Build | Lumber Camp |
| 15:47 | Research | Fletching |
| 16:17 | Queue | Skirmisher |
| 16:17 | Queue | Skirmisher |
| 16:26 | Build | Palisade Gate |
| 16:30 | Build | House |
| 16:32 | Build | House |
| 16:50 | Build | Farm |
| 17:30 | Queue | Skirmisher |
| 17:30 | Queue | Skirmisher |
| 17:50 | Age | Castle Age |
| 18:04 | Queue | Skirmisher |
| 18:04 | Queue | Skirmisher |
| 18:17 | Queue | Villager (Male) |
| 18:22 | Build | Town Center |
| 18:26 | Research | Bodkin Arrow |
| 18:27 | Research | Bodkin Arrow |
| 18:29 | Queue | Villager (Male) |
| 18:29 | Queue | Villager (Male) |
| 18:30 | Queue | Villager (Male) |
| 19:33 | Research | Padded Archer Armor |
| 19:33 | Research | Padded Archer Armor |
| 19:50 | Queue | Villager (Male) |
| 20:01 | Build | Siege Workshop |
| 20:14 | Build | Farm |
| 20:16 | Build | Farm |
| 20:18 | Build | Farm |
| 20:19 | Build | Farm |
| 20:20 | Build | Farm |
| 20:37 | Queue | Villager (Male) |
| 20:49 | Queue | Cavalry Archer |
| 20:50 | Queue | Cavalry Archer |
| 21:00 | Queue | Villager (Male) |
| 21:00 | Queue | Villager (Male) |
| 21:00 | Queue | Villager (Male) |
| 21:03 | Build | Farm |
| 21:04 | Build | Farm |
| 21:20 | Queue | Mangonel |
| 21:20 | Queue | Mangonel |
| 21:52 | Queue | Villager (Male) |
| 21:56 | Research | Double-Bit Axe |
| 21:56 | Research | Double-Bit Axe |
| 21:57 | Research | Double-Bit Axe |
| 22:08 | Queue | Cavalry Archer |
| 22:08 | Queue | Cavalry Archer |
| 22:10 | Queue | Mangonel |
| 22:11 | Queue | Mangonel |
| 22:21 | Queue | Villager (Male) |
| 22:23 | Build | Farm |
| 22:30 | Build | Farm |
| 22:32 | Queue | Villager (Male) |
| 22:44 | Queue | Villager (Male) |
| 22:46 | Queue | Cavalry Archer |
| 22:46 | Queue | Cavalry Archer ×3 |
| 22:46 | Queue | Cavalry Archer ×3 |
| 22:47 | Queue | Cavalry Archer |
| 23:08 | Build | House |
| 23:29 | Queue | Mangonel |
| 23:32 | Build | House |
| 23:33 | Build | House |
| 24:52 | Build | Monastery |
| 25:09 | Queue | Villager (Male) |
| 25:09 | Queue | Villager (Male) |
| 25:12 | Build | Farm |
| 25:14 | Build | Farm |
| 25:32 | Queue | Villager (Male) |
| 25:34 | Queue | Cavalry Archer |
| 25:34 | Queue | Cavalry Archer |
| 25:46 | Queue | Monk |
Build order — Peñis Colada
First 150 of 329 actions detected
| 0:01 | Queue | Villager (Male) |
| 0:01 | Queue | Villager (Male) |
| 0:02 | Build | House |
| 0:04 | Build | House |
| 0:08 | Queue | Villager (Male) |
| 0:08 | Queue | Villager (Male) |
| 0:08 | Queue | Villager (Male) |
| 1:20 | Queue | Villager (Male) |
| 1:20 | Queue | Villager (Male) |
| 2:01 | Build | Settlement |
| 2:06 | Queue | Villager (Male) |
| 2:06 | Queue | Villager (Male) |
| 2:22 | Queue | Villager (Male) |
| 2:23 | Queue | Villager (Male) |
| 2:52 | Queue | Villager (Male) |
| 2:53 | Queue | Villager (Male) |
| 2:53 | Queue | Villager (Male) |
| 3:33 | Queue | Villager (Male) |
| 4:06 | Queue | Villager (Male) |
| 4:06 | Queue | Villager (Male) |
| 4:27 | Build | Settlement |
| 4:35 | Queue | Villager (Male) |
| 4:35 | Queue | Villager (Male) |
| 5:00 | Queue | Villager (Male) |
| 5:31 | Queue | Villager (Male) |
| 5:32 | Queue | Villager (Male) |
| 5:37 | Queue | Villager (Male) |
| 5:42 | Research | Loom |
| 6:51 | Build | House |
| 6:55 | Build | House |
| 6:57 | Build | House |
| 7:13 | Research | Feudal Age |
| 7:13 | Research | Feudal Age |
| 8:22 | Queue | Villager (Male) |
| 8:40 | Build | Barracks |
| 9:23 | Age | Feudal Age |
| 9:26 | Research | Double-Bit Axe |
| 9:27 | Research | Double-Bit Axe |
| 9:38 | Queue | Villager (Male) |
| 9:45 | Build | House |
| 10:08 | Queue | Villager (Male) |
| 10:10 | Queue | Skirmisher |
| 10:29 | Build | Archery Range |
| 10:32 | Queue | Villager (Male) |
| 11:02 | Queue | Villager (Male) |
| 11:11 | Queue | Archer |
| 11:29 | Build | Settlement |
| 11:30 | Queue | Villager (Male) |
| 11:35 | Queue | Archer |
| 11:46 | Queue | Villager (Male) |
| 12:08 | Queue | Archer |
| 12:09 | Queue | Villager (Male) |
| 12:28 | Build | House |
| 12:29 | Build | House |
| 12:41 | Queue | Skirmisher |
| 12:46 | Queue | Villager (Male) |
| 12:48 | Build | Farm |
| 12:50 | Build | Farm |
| 12:59 | Queue | Villager (Male) |
| 13:36 | Queue | Villager (Male) |
| 13:37 | Build | Farm |
| 13:38 | Queue | Archer |
| 13:48 | Build | Farm |
| 13:50 | Queue | Archer |
| 13:50 | Queue | Spearman |
| 14:03 | Queue | Villager (Male) |
| 14:06 | Build | Farm |
| 14:20 | Queue | Archer |
| 14:29 | Build | House |
| 14:31 | Build | Palisade Wall |
| 14:33 | Queue | Villager (Male) |
| 14:41 | Build | House |
| 14:42 | Build | Palisade Wall |
| 14:44 | Build | Palisade Wall |
| 14:50 | Queue | Villager (Male) |
| 14:56 | Build | House |
| 15:03 | Queue | Archer |
| 15:11 | Build | House |
| 15:23 | Queue | Skirmisher |
| 15:24 | Queue | Skirmisher |
| 15:27 | Queue | Villager (Male) |
| 15:34 | Build | Farm |
| 15:40 | Queue | Villager (Male) |
| 16:02 | Queue | Villager (Male) |
| 16:06 | Build | House |
| 16:07 | Build | Palisade Wall |
| 16:37 | Build | Blacksmith |
| 16:38 | Queue | Archer |
| 16:39 | Queue | Archer |
| 17:04 | Queue | Villager (Male) |
| 17:07 | Queue | Skirmisher |
| 17:28 | Research | Fletching |
| 17:29 | Queue | Villager (Male) |
| 17:31 | Build | Farm |
| 17:33 | Build | Farm |
| 17:35 | Queue | Skirmisher |
| 17:37 | Queue | Skirmisher |
| 17:37 | Queue | Skirmisher |
| 17:45 | Queue | Villager (Male) |
| 18:19 | Queue | Villager (Male) |
| 18:21 | Build | Farm |
| 18:22 | Build | Farm |
| 18:25 | Build | Watch Tower |
| 18:37 | Build | Settlement |
| 18:52 | Queue | Villager (Male) |
| 18:57 | Build | House |
| 19:06 | Build | Stone Wall |
| 19:16 | Queue | Archer |
| 19:29 | Queue | Villager (Male) |
| 19:30 | Build | Farm |
| 19:37 | Build | House |
| 19:47 | Build | Watch Tower |
| 19:51 | Build | Settlement |
| 19:52 | Queue | Villager (Male) |
| 20:02 | Build | House |
| 20:03 | Build | House |
| 20:11 | Build | Farm |
| 20:34 | Build | Farm |
| 20:35 | Build | Farm |
| 20:44 | Build | Farm |
| 20:45 | Build | Farm |
| 21:00 | Research | Castle Age |
| 21:00 | Research | Castle Age |
| 21:05 | Build | Settlement |
| 21:17 | Research | Horse Collar |
| 21:18 | Research | Horse Collar |
| 21:18 | Research | Horse Collar |
| 21:32 | Build | House |
| 21:34 | Build | House |
| 21:58 | Research | Gold Mining |
| 21:58 | Research | Gold Mining |
| 22:15 | Build | Watch Tower |
| 22:22 | Build | House |
| 22:26 | Build | Watch Tower |
| 22:28 | Research | Padded Archer Armor |
| 22:28 | Research | Padded Archer Armor |
| 22:42 | Build | House |
| 22:48 | Build | Farm |
| 22:48 | Build | Farm |
| 23:12 | Build | Archery Range |
| 23:40 | Age | Castle Age |
| 23:50 | Research | Bodkin Arrow |
| 23:51 | Research | Bodkin Arrow |
| 23:57 | Build | Market |
| 23:58 | Queue | Villager (Male) |
| 24:21 | Queue | Bolas Rider |
| 24:21 | Queue | Bolas Rider |
| 24:33 | Queue | Villager (Male) |
| 24:33 | Queue | Villager (Male) |
| 24:33 | Queue | Villager (Male) |
Match timeline
| 4:18 | VNS__Pan · first_building Barracks |
| 8:40 | Peñis Colada · first_building Barracks |
| 9:18 | VNS__Pan · wall_segment Palisade Wall x4 |
| 9:23 | Peñis Colada · age_up feudal |
| 9:34 | VNS__Pan · wall_segment Palisade Wall x4 |
| 10:29 | Peñis Colada · first_building Archery Range |
| 12:14 | VNS__Pan · wall_segment Palisade Wall x15 |
| 13:14 | VNS__Pan · age_up feudal |
| 13:31 | VNS__Pan · first_building Archery Range |
| 14:31 | Peñis Colada · wall_segment Palisade Wall x5 |
| 14:42 | Peñis Colada · wall_segment Palisade Wall x3 |
| 14:44 | Peñis Colada · wall_segment Palisade Wall x8 |
| 16:07 | Peñis Colada · wall_segment Palisade Wall x9 |
| 17:50 | VNS__Pan · age_up castle |
| 19:06 | Peñis Colada · wall_segment Stone Wall x7 |
| 20:01 | VNS__Pan · first_building Siege Workshop |
| 23:40 | Peñis Colada · age_up castle |
| 24:37 | Peñis Colada · first_market_sell 500 food |
| 24:39 | Peñis Colada · first_market_buy 100 stone |
| 24:52 | VNS__Pan · first_building Monastery |
| 26:03 | Peñis Colada · wall_segment Palisade Wall x1 |
| 26:30 | Peñis Colada · first_building Castle |
| 34:21 | VNS__Pan · first_building Stable |
| 35:56 | VNS__Pan · first_building Castle |
| 40:11 | Peñis Colada · first_building Siege Workshop |
| 40:27 | VNS__Pan · age_up imperial |
| 41:33 | Peñis Colada · resign |
[ AI ANALYSIS · 1 CREDIT ]
What really happened in this match?
Wolo.gg analyzes every decision: build order, eco, micro, common mistakes by bracket. Personalized analysis on WhatsApp or Discord in 30 seconds.
Civ guide
Vietnamese
Perfil
Jugador #11762037